 Dungeon Crawl Stone Soup version 0.16.1-18-g436b03c (webtiles) character file.

49 drasked the Magician (level 3, -4/19 HPs)
             Began as a Deep Elf Ice Elementalist on May 6, 2015.
             Slain by an orc
             ... wielding a +0 flail
              (9 damage)
             ... on level 3 of the Dungeon.
             The game lasted 00:07:38 (1009 turns).

drasked the Magician (Deep Elf Ice Elementalist)    Turns: 1009, Time: 00:07:39

Health: -4/19      AC:  6    Str:  5    XL:     3   Next: 53%
Magic:  3/12       EV: 13    Int: 20    God:
Gold:   61         SH:  0    Dex: 15    Spells: 1 memorised, 9 levels left

rFire  . . .     SeeInvis .     o - +1 dagger (freeze)
rCold  . . .     Clarity  .     d - +0 robe {rN+}
rNeg   + . .     SustAb   .     (no shield)
rPois  .         Gourm    .     k - +2 helmet
rElec  .         Spirit   .     e - +0 cloak
rCorr  .         Warding  .     (no gloves)
rMut   .         Stasis   .     (no boots)
MR     .....                    (no amulet)
Stlth  ++........               (no ring)
                                (no ring)

@: constricted, not resistant to hostile enchantments, unstealthy
A: no striking features
a: no special abilities


You were on level 3 of the Dungeon.
You were not hungry.

You visited 1 branch of the dungeon, and saw 3 of its levels.

You collected 61 gold pieces.

Inventory:

Hand weapons
 o - a +1 dagger of freezing (weapon)
   (You took it off a kobold on level 1 of the Dungeon)
Armour
 d - a +0 robe of positive energy (worn)
   (You found it on level 1 of the Dungeon)
 e - a +0 cloak (worn)
   (You found it on level 1 of the Dungeon)
 k - a +2 helmet (worn)
   (You found it on level 1 of the Dungeon)
Scrolls
 a - a scroll of remove curse {unknown}
 h - a scroll of identify
 j - 2 scrolls of enchant weapon {unknown}
 n - a scroll of teleportation {unknown}
Potions
 f - 2 potions of lignification {!q}
 g - a potion of magic
 m - a potion of restore abilities {unknown}
Books
 b - a book of Frost
Comestibles
 c - 2 bread rations {@e1}
 l - 3 meat rations {@e2}


   Skills:
 - Level 2.4 Dodging
 - Level 2.4 Stealth
 + Level 4.3 Spellcasting
   Level 1.1 Conjurations
 + Level 4.2 Ice Magic


You had 9 spell levels left.
You knew the following spells:

 Your Spells              Type           Power        Failure   Level  Hunger
a - Freeze                Ice            ###.         2%          1    None


Dungeon Overview and Level Annotations

Branches:
Dungeon (3/15)

Altars:

Portals:
Sewer: D:3

Annotations:
D:2 Sigmund


Message History

You feel sick.
You take 1 damage, and have 11/19 hp.
You feel sick.
You take 1 damage, and have 10/19 hp.
Aim: an adder You freeze the adder.
The adder bites you.
You take 3 damage, and have 7/19 hp.
You now have 11/12 mp.
Aim: an adder (moderately wounded)
You freeze the adder.
You kill the adder!
You now have 10/12 mp.
You can't see any susceptible monsters within range! (Use Z to cast anyway.) Drink which item? (? for menu, Esc to quit)
It was a potion of magic.
Magic courses through your body.
You feel sick.
You take 1 damage, and have 6/19 hp.
MP restored: 12 Unknown command.
* * * LOW HITPOINT WARNING * * *
You feel sick.
You take 1 damage, and have 5/19 hp.
Found an escape hatch in the floor.
You feel sick.
You take 1 damage, and have 5/19 hp.
You feel sick.
There is an escape hatch in the floor here.
You take 1 damage, and have 4/19 hp.
You slide downwards.
The hatch slams shut behind you.
You hear the sound of rushing water.
There is an entrance to a sewer on this level.
Hurry and find it before the portal rusts away!
A quokka, 2 giant mites and 3 orcs come into view.
Found a bronze wand and a bread ration.
Found a stone staircase leading down.
A ball python comes into view.
The orc shouts!
The orc throws a tomahawk.
The tomahawk misses you.
Found a glowing drain.
A rat comes into view.
You feel sick.
A rat comes into view.
You see here a tomahawk.
You take 1 damage, and have 3/19 hp.
Drink which item? (? for menu, Esc to quit)
It was a potion of heal wounds.
You feel much better.
The orc shouts!
The quokka barely misses you. 2 ball pythons come into view.
Health restored: 19
Aim: a quokka You freeze the quokka.
The quokka misses you.
A river rat and a giant cockroach come into view.
You now have 11/12 mp.
Aim: a quokka (lightly wounded)
You freeze the quokka.
The quokka bites you but does no damage.
You now have 10/12 mp.
Aim: a quokka (heavily wounded)
You freeze the quokka.
You kill the quokka!
You feel sick.
You are no longer poisoned.
You take 1 damage, and have 18/19 hp.
You now have 9/12 mp.
Aim: a giant mite (clinging)
You freeze the giant mite. The orc closely misses you.
You now have 8/12 mp.
Aim: a giant mite (heavily wounded, clinging)
You freeze the giant mite.
You kill the giant mite!
The ball python bites you. The ball python closely misses you.
The orc hits you with a flail.
You take 3 damage, and have 15/19 hp.
Aim: a ball python You freeze the ball python.
The orc hits you but does no damage. The orc misses you.
You now have 7/12 mp.
Aim: a ball python (moderately wounded)
You freeze the ball python.
You kill the ball python!
The orc hits you with a short sword. The orc hits you with a flail!
The orc barely misses you.
You take 9 damage, and have 6/19 hp.
MASSIVE DAMAGE!!
You now have 6/12 mp.
Aim: a giant cockroach (clinging)
You freeze the giant cockroach.
You kill the giant cockroach!
The orc closely misses you. The orc hits you but does no damage.
The orc barely misses you.
You now have 5/12 mp.
Aim: a ball python You freeze the ball python.
You kill the ball python!
The orc hits you with a short sword.
* * * LOW HITPOINT WARNING * * *
The orc barely misses you. The orc closely misses you.
You take 1 damage, and have 5/19 hp.
You now have 4/12 mp.
Aim: a ball python You freeze the ball python.
The orc completely misses you. The ball python misses you.
The ball python grabs you. The ball python constricts you.
The orc hits you with a flail!
You die...

... ≈≈≈....#
≈∩≈≈..#.##.
≈≈≈≈≈..#...
..≈≈≈......
...........
.........r.
........rSo#
.........#@#
.........oo#
...>..%...###
..#.../.##
#.###.# # ..#
...# ...s#
......


You could see 3 orcs, a ball python and 2 rats.

Vanquished Creatures
  An adder (D:2)
  A giant mite (D:3)
  2 giant geckos (D:1)
  3 ball pythons
  4 bats (D:1)
  2 giant cockroaches
  2 goblins (D:1)
  6 hobgoblins
  4 jackals (D:1)
  2 kobolds (D:1)
  A quokka (D:3)
  4 rats
32 creatures vanquished.

Notes
Turn   | Place    | Note
--------------------------------------------------------------
     0 | D:1      | drasked, the Deep Elf Ice Elementalist, began the quest for the Orb.
     0 | D:1      | Reached XP level 1. HP: 10/10 MP: 5/5
   163 | D:1      | Reached XP level 2. HP: 13/15 MP: 6/8
   731 | D:1      | Reached skill level 4 in Spellcasting
   921 | D:2      | Reached XP level 3. HP: 19/19 MP: 8/12
   946 | D:2      | Reached skill level 4 in Ice Magic
   948 | D:2      | Noticed Sigmund
   993 | D:2      | HP: 4/19 [poisoned by an adder]
   997 | D:3      | Found a glowing drain.
   998 | D:3      | HP: 3/19 [poisoned by an adder]
  1009 | D:3      | Slain by an orc

Action                   || total
-------------------------++-------
Melee: Short sword       ||     2
       Dagger            ||     1
 Cast: Freeze            ||    46
  Use: Scroll            ||     5
       Potion            ||     2

Vault maps used:
D:1:      lemuel_arrival_room, hangedman_decor_points, hangedman_decor_growths,
          minmay_bisected
D:2:      minmay_crystal_water, uniq_sigmund
D:3:      portal_sewer_entry_a, first_bread, uniq_jessica, uniq_grinder

Table legend:
 A = Turns spent in this place as a percentage of turns spent in the entire game.
 B = Non-inter-level travel turns spent in this place as a percentage of non-inter-level travel turns spent in the entire game.
 C = Inter-level travel turns spent in this place as a percentage of turns spent in this place.
 D = Turns resting spent in this place as a percentage of non-inter-level travel turns spent in this place.
 E = Turns spent auto-exploring this place as a percentage of non-inter-level travel turns spent in this place.
 F = Non-inter-level travel turns spent in this place divided by the number of levels of this place that you've seen.
                   A       B       C       D       E      F
               +-------+-------+-------+-------+-------+----------------------
         Total | 100.0 | 100.0 |   0.5 |   2.1 |  12.6 | 127.0
       Dungeon | 100.0 | 100.0 |   0.5 |   2.1 |  12.6 | 127.0
               +-------+-------+-------+-------+-------+----------------------

Table legend:
 A = Kills in this place as a percentage of kills in entire the game.
 B = Kills by you in this place as a percentage of kills by you in the entire game.
 C = Kills by friends in this place as a percentage of kills by friends in the entire game.
 D = Other kills in this place as a percentage of other kills in the entire game.
 E = Experience gained in this place as a percentage of experience gained in the entire game.
 F = Experience gained in this place divided by the number of levels of this place that you have seen.
                   A       B       C       D       E      F
               +-------+-------+-------+-------+-------+----------------------
         Total | 100.0 | 100.0 |  -nan |  -nan | 100.0 |  23.7
       Dungeon | 100.0 | 100.0 |  -nan |  -nan | 100.0 |  23.7
               +-------+-------+-------+-------+-------+----------------------
